[Event "Early-Titled-Tuesday-Blitz-March-19-2024"]
[Site "Chess.com"]
[Date "2024.03.19"]
[Round "3"]
[White "rhungaski"]
[Black "Mandaloriana19"]
[Result "1-0"]
[WhiteElo "2612"]
[BlackElo "2350"]
[TimeControl "180+1"]
[EndTime "8:29:02 PDT"]
[Termination "rhungaski won on time"]

1. e4 c5 2. Nf3 d6 3. d4 cxd4 4. Nxd4 Nf6 5. f3 g6 6. c4 Bg7 7.
Nc3 Nc6 8. Be3 Bd7 9. Qd2 Nxd4 10. Bxd4 Bc6 11. Rc1 O-O 12. b3 Qa5 13. Be3 Nd7 14.
Be2 Nc5 15. Nd5 Qxd2+ 16. Kxd2 e6 17. Ne7+ Kh8 18. Nxc6 bxc6 19. Rhd1 Rfd8 20. Kc2 a5 21. Rb1 Rab8 22. g3 Na6 23. a3 c5 24. Bd2 Rd7 25.
Bxa5 Rc8 26. f4 Bd4 27. b4 e5 28. b5 Nb8 29. Bg4 Ra7 30. Bxc8 Rxa5 31. Kb3 Kg7 32. a4 exf4 33. gxf4 Kf6 34. Rxd4 cxd4 35. Rd1 g5 36. fxg5+ Ke5 37. Kb4 Ra7 38. Bf5 Rb7 39. Ka3 Re7 40. a5 1-0

[Event "Early-Titled-Tuesday-Blitz-March-19-2024"]
[Site "Chess.com"]
[Date "2024.03.19"]
[Round "3"]
[White "SashaKuzhilniy"]
[Black "RianKapriaga"]
[Result "1-0"]
[WhiteElo "2610"]
[BlackElo "2349"]
[TimeControl "180+1"]
[EndTime "8:29:03 PDT"]
[Termination "SashaKuzhilniy won on time"]

1. d4 Nf6 2. Bg5 e6 3. e4 h6 4. Bxf6 Qxf6 5. c3 d6 6. Nd2 g6 7. Bc4 Bg7 8. Ne2 a6 9. O-O b5 10. Bb3 Bb7 11. f4 O-O 12. Ng3 c5 13. f5 exf5 14.
exf5 cxd4 15. Nde4 Bxe4 16. Nxe4 Qe5 17. Qg4 d5 18.
Ng3 h5 19. Qg5 Nd7 20. Rae1 Qf6 21. Qxf6 Nxf6 22. fxg6 fxg6 23. cxd4 Rad8 24. Re6 Kh7 25. Rxa6 h4 26. Ne2 Ne4 27. Rxf8 Rxf8 28. Bxd5 Nd2 29. Bf3 h3 30. Rb6 hxg2 31. Bxg2 Re8 32. Bf1 Rf8 33. Bg2 Re8 34. Bf1 Nf3+ 35. Kg2 Nxd4 36.
Nxd4 Bxd4 37. Rxb5 1-0

[Event "Early-Titled-Tuesday-Blitz-March-19-2024"]
[Site "Chess.com"]
[Date "2024.03.19"]
[Round "3"]
[White "Akylbek2021"]
[Black "AsterPhoenix"]
[Result "0-1"]
[WhiteElo "2319"]
[BlackElo "2657"]
[TimeControl "180+1"]
[EndTime "8:29:03 PDT"]
[Termination "AsterPhoenix won on time"]

1. d4 Nf6 2. Nf3 d5 3. c4 e6 4.
g3 dxc4 5. Bg2 c6 6. Ne5 Bb4+ 7. Bd2 Be7 8. e3 b5 9. Nxc6 Nxc6 10. Bxc6+ Bd7 11. Bxa8 Qxa8 12. O-O e5 13. dxe5 Bh3 14. f3 Ng4 15. Nc3 O-O 16. Nxb5 Rd8 17. Nd4 Bc5 18. Qe2 Nxe5 19. Bc3 Bxf1 20. Rxf1 h5 21. h3 Qd5 22. f4 Nd3 23. Qg2 Qd7 24. f5 Re8 25. Qf3 Qe7 26.
f6 Qxe3+ 27. Qxe3 Rxe3 28. fxg7 Rxg3+ 29. Kh2 Rxg7 30. Nf5 Rg6 31. Rf3 Bg1+ 32. Kh1 Nf2+ 33. Rxf2 Bxf2 34. Ne7+ Kh7 35. Nxg6 Kxg6 36. Kg2 Bc5 37.
Kf3 Kf5 38. a4 a6 39. Bd2 Bd4 40. Bc1 h4 41. Ke2 Ke4 42. Kf1 Kf3 0-1

[Event "Early-Titled-Tuesday-Blitz-March-19-2024"]
[Site "Chess.com"]
[Date "2024.03.19"]
[Round "3"]
[White "Cheer_Down"]
[Black "profedechess93"]
[Result "0-1"]
[WhiteElo "2451"]
[BlackElo "2659"]
[TimeControl "180+1"]
[EndTime "8:29:04 PDT"]
[Termination "profedechess93 won by checkmate"]

1. e4 e6 2. d4 d5 3. Nc3 Nf6 4. e5 Nfd7 5. f4 c5 6. Nf3 Nc6 7. Be3 a6 8. Qd2 b5 9. Be2 Qb6 10. a3 cxd4 11. Nxd4 Bc5 12. Nxc6 Bxe3 13. Qd3 Bxf4 14.
Rf1 Nxe5 15. Nxe5 Bxe5 16. Nxd5 Qa5+ 17. b4 Qd8 18. O-O-O exd5 19. Qe3 Qe7 20. Kb1 d4 21. Qd3 O-O 22. Bf3 Bb7 23. Rde1 f6 24. Qb3+ Kh8 25. Be4 Bxe4 26. Rxe4 Qf7 27. Qh3 Rac8 28. Rf2 Qg6 29.
Rg4 Qf7 30. Rh4 h6 31. Rf5 Qg6 32. g4 d3 33. cxd3 Rfd8 34. Rfh5 Qxd3+ 35. Qxd3 Rxd3 36. g5 Rd1+ 37. Ka2 Ra1+ 38. Kb3 Rb1+ 39. Ka2 Rb2+ 40. Ka1 Rc1# 0-1

[Event "Early-Titled-Tuesday-Blitz-March-19-2024"]
[Site "Chess.com"]
[Date "2024.03.19"]
[Round "3"]
[White "Slovineanu"]
[Black "GeorgiosSouleidis"]
[Result "1-0"]
[WhiteElo "2493"]
[BlackElo "2690"]
[TimeControl "180+1"]
[EndTime "8:29:05 PDT"]
[Termination "Slovineanu won on time"]

1. d4 Nf6 2. Nf3 g6 3. Nbd2 d5 4. e3 Bg7 5. b4 O-O 6. c4 c6 7. a4 Nbd7 8. Bb2 Re8 9. Be2 a6 10. O-O h6 11. Qb3 Nf8 12. cxd5 cxd5 13. Rfc1 Bg4 14. b5 a5 15. Ba3 N8d7 16. h3 Bxf3 17. Nxf3 Nb6 18. Rc2 Ne4 19. Rac1 Nd6 20. Bc5 Ndc4 21.
Nd2 Nd6 22. Bxb6 Qxb6 23. Qxd5 e5 24. Nc4 Nxc4 25. Bxc4 Re7 26. dxe5 Bxe5 27. Bb3 Kg7 28. g3 Rd8 29. Qf3 Rd3 30. Bd5 Ra3 31. Rc4 Bf6 32. Kg2 h5 33. h4 Bb2 34. R1c2 Be5 35. Rc8 Bf6 36. Rb8 Rd3 37. Rcc8 Qd6 38. Rg8+ Kh7 39. Be4 Rd2 40. Bxb7 Qe5 41. Bc6 Bg7 42. e4 1-0

[Event "Early-Titled-Tuesday-Blitz-March-19-2024"]
[Site "Chess.com"]
[Date "2024.03.19"]
[Round "3"]
[White "PeshkaCh"]
[Black "Grischuk"]
[Result "1-0"]
[WhiteElo "2837"]
[BlackElo "3086"]
[TimeControl "180+1"]
[EndTime "8:29:06 PDT"]
[Termination "PeshkaCh won by resignation"]

1. Nf3 d5 2. d4 Nf6 3. c4 c6 4.
e3 Bg4 5. Bd3 e6 6. Nbd2 Nbd7 7.
O-O Bd6 8. h3 Bf5 9. Qc2 Bxd3 10.
Qxd3 O-O 11. e4 dxe4 12. Nxe4 Nxe4 13. Qxe4 Re8 14. Re1 e5 15. Bg5 Qc7 16. Rad1 h6 17.
Bh4 c5 18. dxe5 Nxe5 19. Nxe5 Bxe5 20. Kh1 Re6 21. Qd5 Rae8 22. b3 Bd4 23. Rxe6 Rxe6 24.
Bg3 Qe7 25. Kh2 b6 26. Rd3 g6 27. Rf3 Kg7 28. a4 h5 29. h4 Re2 30. b4 Re1 31.
bxc5 bxc5 32. a5 Ra1 33. Rf4 Bf6 34. Rxf6 Kxf6 35. Qf3+ Ke6 36. Qd5+ Kf6 37. Qg5+ Ke6 38. Qe5+ Kd7 39. Qxa1 1-0

[Event "Early-Titled-Tuesday-Blitz-March-19-2024"]
[Site "Chess.com"]
[Date "2024.03.19"]
[Round "3"]
[White "bangchess21"]
[Black "Juicy_Fork"]
[Result "1-0"]
[WhiteElo "2844"]
[BlackElo "2544"]
[TimeControl "180+1"]
[EndTime "8:29:06 PDT"]
[Termination "bangchess21 won by checkmate"]

1. d4 Nf6 2. Nc3 d5 3. Bf4 a6 4. e3 c5 5. Nf3 Nc6 6. Ne5 e6 7. Nxc6 bxc6 8. Bd3 c4 9. Be2 Bb4 10. O-O Bxc3 11. bxc3 Ne4 12. Qe1 O-O 13. f3 Nd6 14.
e4 Re8 15. a4 f6 16. Qg3 Nf7 17. e5 fxe5 18. Bxe5 Nxe5 19. Qxe5 Qa5 20. Bxc4 Qxc3 21.
Bd3 Bd7 22. Qe3 g6 23. f4 c5 24. dxc5 Bc6 25. a5 Rad8 26. Kh1 d4 27. Qe2 Qxc5 28.
Bxa6 e5 29. fxe5 Rxe5 30. Qc4+ Kh8 31. Qf7 Qd5 32. Qf6+ Kg8 33. Bc4 Qxc4 34. Qxd8+ Kg7 35.
Qf8# 1-0

[Event "Early-Titled-Tuesday-Blitz-March-19-2024"]
[Site "Chess.com"]
[Date "2024.03.19"]
[Round "3"]
[White "ccccvhhhj"]
[Black "LikeWater"]
[Result "1-0"]
[WhiteElo "2477"]
[BlackElo "2662"]
[TimeControl "180+1"]
[EndTime "8:29:06 PDT"]
[Termination "ccccvhhhj won by checkmate"]

1. e4 c5 2. Nf3 e6 3. b4 b6 4.
bxc5 bxc5 5. c3 Bb7 6. Bd3 d5 7. e5 Nc6 8. O-O f6 9. Bb5 Nh6 10. d4 Nf7 11. Re1 f5 12. dxc5 Bxc5 13. Nd4 Qb6 14. Nxe6 Bxf2+ 15. Kh1 Bxe1 16. Qxe1 Ke7 17.
Bxc6 Kxe6 18. Bxb7 Qxb7 19. Bf4 g5 20. Bg3 f4 21. Bf2 Qb2 22. Nd2 Rac8 23. Bd4 Qc2 24. Nf3 Qe4 25. Qf1 Rb8 26. Re1 Qf5 27. Qa6+ Ke7 28. Qxa7+ Ke6 29. Qa6+ Ke7 30. e6 Rb1 31. Qa7+ Kf8 32. exf7 Rxe1+ 33. Nxe1 Qe4 34. Nf3 g4 35. Ng5 Qe1+ 36. Bg1 f3 37. Qb8+ Kg7 38. Qxh8+ Kh6 39. f8=Q+ Kxg5 40. Qff6+ Kh5 41. Qf7+ Kg5 42. Qhf6# 1-0

[Event "Early-Titled-Tuesday-Blitz-March-19-2024"]
[Site "Chess.com"]
[Date "2024.03.19"]
[Round "3"]
[White "Viktor_Poddubnyi"]
[Black "Shahdad2007"]
[Result "0-1"]
[WhiteElo "2310"]
[BlackElo "2587"]
[TimeControl "180+1"]
[EndTime "8:29:06 PDT"]
[Termination "Shahdad2007 won on time"]

1. e4 c5 2. Nf3 e6 3. g3 Nc6 4. Bg2 a6 5. O-O Qc7 6. c3 Nf6 7. Re1 Be7 8. d4 cxd4 9. cxd4 d5 10. exd5 Nxd5 11. Nc3 Nxc3 12. bxc3 O-O 13. a4 Na5 14.
Bf4 Qd8 15. Ne5 Bd7 16. c4 Rc8 17. Qd3 Nc6 18. Nxd7 Qxd7 19. d5 Nb4 20. Qb3 exd5 21. Rxe7 Qxe7 22. cxd5 Nc2 23. Rd1 Qb4 24. Qd3 Qxa4 25.
d6 Nb4 26. Qd4 Rc4 27. Qd2 Nc6 28. Be3 Rd8 29. Bd5 Rc2 30. Qd3 Nb4 31. Qf5 Nxd5 32.
Qxd5 Rc6 33. Bf4 Qc4 34. Qd2 f6 35. Re1 Qc3 36. Qe2 h6 37. Qe7 Qa5 38. Qe6+ Kh8 39.
Bxh6 Rcxd6 40. Bxg7+ Kxg7 41. Qe7+ Kg6 0-1

[Event "Early-Titled-Tuesday-Blitz-March-19-2024"]
[Site "Chess.com"]
[Date "2024.03.19"]
[Round "3"]
[White "1mbl4"]
[Black "Binary010"]
[Result "0-1"]
[WhiteElo "2630"]
[BlackElo "2828"]
[TimeControl "180+1"]
[EndTime "8:29:07 PDT"]
[Termination "Binary010 won by checkmate"]

1. d4 Nf6 2. Bf4 d5 3. Nc3 c5 4. e3 cxd4 5. exd4 a6 6. Nf3 Nc6 7. Ne5 Bd7 8. g3 Rc8 9. Bg2 e6 10. O-O Nxe5 11. dxe5 Ng8 12. Ne2 Bc5 13. c4 Ne7 14.
cxd5 exd5 15. Bxd5 Bb5 16. Bf3 Qb6 17. a4 Bc4 18. a5 Qa7 19. Rc1 Bb5 20. b4 Rd8 21. Qb3 Rd3 22. Rc3 Rxf3 23. Rxf3 Bxe2 24. Be3 Bxf3 25.
Bxc5 b6 26. axb6 Qb7 27. Bxe7 Kxe7 28. Rc1 Qd5 29. Qe3 Rd8 30. h3 Qd1+ 31. Kh2 Qe2 32. g4 Qxe3 33. fxe3 Rd2+ 34. Kg3 Bd5 35. Rc7+ Ke6 36.
b7 Bxb7 37. Rxb7 Rd3 38. Rb6+ Kxe5 39. Rxa6 Rxe3+ 40. Kh4 Kf4 41. Ra4 g5+ 42. Kh5 Rxh3# 0-1

[Event "Early-Titled-Tuesday-Blitz-March-19-2024"]
[Site "Chess.com"]
[Date "2024.03.19"]
[Round "3"]
[White "vasblesk"]
[Black "vi_pranav"]
[Result "0-1"]
[WhiteElo "2777"]
[BlackElo "3056"]
[TimeControl "180+1"]
[EndTime "8:29:08 PDT"]
[Termination "vi_pranav won by resignation"]

1. d4 Nf6 2. c4 e6 3. g3 c5 4.
d5 exd5 5. cxd5 b5 6. a4 b4 7. Bg2 d6 8. Nd2 Be7 9. e4 O-O 10. Ne2 Ba6 11. b3 Nbd7 12. O-O Ne5 13. Rb1 Re8 14. Bb2 Nd3 15. Ba1 Bf8 16. Nc4 Bxc4 17. bxc4 Ne5 18. Qc2 Rb8 19. Nc1 g6 20. h3 Bg7 21. f4 Ned7 22. g4 Qe7 23. Re1 h6 24. Nb3 Nh7 25. Bxg7 Kxg7 26. Qd2 g5 27. Na5 gxf4 28. Nc6 Qg5 29. Nxb8 Rxb8 30. Rf1 f3 31. Qb2+ Ne5 32. Rxf3 f6 33. Rf5 Qe3+ 34. Qf2 Qxf2+ 35. Kxf2 Nxc4 36. Bf1 Ne5 37. Bb5 Ng5 38. Ke3 Nxh3 39. Be2 c4 40. Rff1 Ng5 41. Rfc1 a5 42. Bxc4 Nxg4+ 43. Kf4 h5 44. Be2 Re8 45. Bxg4 Rxe4+ 46. Kf5 Re5+ 47. Kf4 hxg4 48. Kxg4 Kg6 49. Rd1 Re3 50. Kf4 Rf3+ 0-1

[Event "Early-Titled-Tuesday-Blitz-March-19-2024"]
[Site "Chess.com"]
[Date "2024.03.19"]
[Round "3"]
[White "VincentKeymer"]
[Black "Elnaz_Kaliakhmet"]
[Result "1-0"]
[WhiteElo "3061"]
[BlackElo "2515"]
[TimeControl "180+1"]
[EndTime "8:29:08 PDT"]
[Termination "VincentKeymer won by resignation"]

1. a3 d5 2. Nf3 c5 3. e3 Nf6 4. b4 e6 5. bxc5 Bxc5 6. d4 Bd6 7. Nbd2 O-O 8. c4 Nc6 9. Bb2 b6 10. Bd3 Bb7 11. O-O Rc8 12. cxd5 exd5 13. Ne5 Qe7 14. f4 Nd7 15. Qg4 Nf6 16. Qh3 g6 17. Ndf3 Ne4 18. f5 f6 19. Ng4 g5 20. Rae1 Na5 21. Nfe5 Nc4 22. Ng6 Qg7 23. Nxf8 Rxf8 24. Bc1 Rc8 25. Qh5 a5 26. Nf2 Nxa3 27. Bxa3 Bxa3 28. Nxe4 dxe4 29. Bb5 Bb4 30. Rc1 Rf8 31. Rc2 Bc8 32. Bc4+ Kh8 33. Be6 Bxe6 34. fxe6 f5 35. d5 Bc5 36. Kh1 Bxe3 37.
d6 Bc5 38. e7 Rg8 39. e8=Q Bxd6 40. Qe6 Be5 41. Qxf5 1-0

[Event "Early-Titled-Tuesday-Blitz-March-19-2024"]
[Site "Chess.com"]
[Date "2024.03.19"]
[Round "3"]
[White "MyDream003"]
[Black "Pingah9"]
[Result "0-1"]
[WhiteElo "2774"]
[BlackElo "2588"]
[TimeControl "180+1"]
[EndTime "8:29:08 PDT"]
[Termination "Pingah9 won on time"]

1. e4 g6 2. d4 Bg7 3. Nf3 d6 4.
Bc4 e6 5. O-O Nd7 6. c3 a6 7. a4 b6 8. Re1 Bb7 9. Nbd2 Ne7 10.
Bd3 h6 11. Nf1 O-O 12. Ng3 c5 13. Be3 Qc7 14. Rc1 Kh7 15. h4 Rac8 16. h5 e5 17. d5 c4 18. Bf1 b5 19. b4 Nb6 20. a5 Na4 21. Qd2 Rg8 22. Nh2 g5 23. Be2 Rcf8 24.
Bg4 Bc8 25. f3 Kh8 26. Nf5 Bxf5 27. Bxf5 Nxf5 28. exf5 Qd7 29. Qc2 e4 30. fxe4 Bxc3 31.
Ng4 Bxe1 32. Bd4+ f6 33. Rxe1 Kg7 34. Re3 Rf7 35. Qc1 Re8 36. Kf2 c3 37. Qc2 Rc8 38. Kf3 Rc4 39. Rd3 Rxb4 40. Rd1 Rc4 41. Ne3 Rc8 42.
Rc1 b4 43. Qb3 Qb5 44. Kf2 Nc5 45. Qb1 Nd3+ 46. Kf3 Nxc1 47. Qxc1 b3 0-1

[Event "Early-Titled-Tuesday-Blitz-March-19-2024"]
[Site "Chess.com"]
[Date "2024.03.19"]
[Round "3"]
[White "bennyficial"]
[Black "hell3raiser"]
[Result "0-1"]
[WhiteElo "2113"]
[BlackElo "2386"]
[TimeControl "180+1"]
[EndTime "8:29:10 PDT"]
[Termination "hell3raiser won by checkmate"]

1. Nf3 d5 2. e3 Nf6 3. c4 e6 4. b3 Be7 5. Bb2 c5 6. cxd5 exd5 7. Bb5+ Bd7 8. Bxd7+ Nbxd7 9. O-O O-O 10. d4 b6 11.
Nc3 Rc8 12. Rc1 c4 13. Ne2 b5 14. Ne5 Nxe5 15. dxe5 Ne4 16. Bd4 a5 17. Ng3 Nxg3 18. hxg3 b4 19. f4 Qd7 20. g4 a4 21. f5 axb3 22.
axb3 Bg5 23. Rb1 Qb5 24. Qe2 Ra8 25. Rfc1 Rfc8 26. Rc2 g6 27. Ra2 Rxa2 28. Qxa2 c3 29. Qc2 Ra8 30. Rf1 Qa6 31. fxg6 hxg6 32. Qf2 Qe6 33. Qg3 c2 34. Qf2 Rc8 35. Rc1 Qxg4 36. Qd2 Qf5 37. Qxb4 Qd3 38. Qe1 Rb8 39. b4 Rxb4 40.
Qxb4 Bxe3+ 41. Kh2 Bxc1 42. Qb8+ Kh7 43. Qa7 Bf4+ 44.
Kh1 c1=Q+ 45. Bg1 Qf5 46. e6 Qh5# 0-1

[Event "Early-Titled-Tuesday-Blitz-March-19-2024"]
[Site "Chess.com"]
[Date "2024.03.19"]
[Round "3"]
[White "Alexchess1984"]
[Black "tusplingher"]
[Result "1-0"]
[WhiteElo "2767"]
[BlackElo "2464"]
[TimeControl "180+1"]
[EndTime "8:29:11 PDT"]
[Termination "Alexchess1984 won by resignation"]

1. e4 c5 2. c3 d5 3. exd5 Qxd5 4. d4 g6 5. Nf3 Bg7 6. Nbd2 cxd4 7. Bc4 Qd8 8. O-O Nf6 9. Nxd4 O-O 10. N2f3 a6 11. a4 Qc7 12. Qe2 Nc6 13. Nxc6 Qxc6 14. Ne5 Qe4 15.
Re1 Qxe2 16. Rxe2 Bf5 17. h3 Be4 18. f3 Bd5 19. Bg5 Bxc4 20. Nxc4 e6 21. Rd1 Nd5 22. a5 Rac8 23. Nb6 Nxb6 24. axb6 h6 25. Be7 Rfe8 26. Rd7 Rc6 27. Rxb7 Kh7 28. Bb4 Kg8 29. Re1 Rec8 30. Ra1 Bf6 31. Rxa6 Bd8 32. Ba5 Rc5 33. Raa7 Rb5 34. b4 Rxc3 35. Ra8 Rd3 36. Rbb8 Rbd5 37. b7 Rd1+ 38. Kh2 Kg7 39. Rxd8 Rb5 40. b8=Q Rxb8 41. Raxb8 Rxd8 42. Rxd8 1-0

[Event "Early-Titled-Tuesday-Blitz-March-19-2024"]
[Site "Chess.com"]
[Date "2024.03.19"]
[Round "3"]
[White "Mikhail_Golubev"]
[Black "cande_francisco"]
[Result "0-1"]
[WhiteElo "2713"]
[BlackElo "2518"]
[TimeControl "180+1"]
[EndTime "8:29:11 PDT"]
[Termination "cande_francisco won on time"]

1. e4 c5 2. Nf3 a6 3. Nc3 Nc6 4. d4 cxd4 5. Nxd4 e6 6. Be3 d6 7. f4 Nf6 8. Qf3 Qc7 9. O-O-O Nxd4 10. Bxd4 e5 11. fxe5 dxe5 12. Qg3 Bg4 13. Bxe5 Qa5 14. Rd3 Be6 15. a3 Nh5 16. Qg5 h6 17. Qxh5 g6 18. Qxg6 fxg6 19. Bxh8 Rc8 20. Be2 Bc4 21. Rd2 Bxe2 22.
Rxe2 Bxa3 23. bxa3 Rxc3 24. Bxc3 Qxc3 25. Rd1 Qa1+ 26. Kd2 Qxa3 27. e5 a5 28. e6 Qb4+ 29.
Kc1 Qa3+ 30. Kd2 Qb4+ 31. c3 Qb2+ 32. Kd3 Qb5+ 33. Kd2 Qb2+ 34. Kd3 Qb5+ 35. Ke3 Qc5+ 36. Kf3 Qxc3+ 37. Re3 Qf6+ 38. Ke2 Qb2+ 39. Kf1 Qb5+ 40. Kg1 Qc5 41. Re1 a4 0-1

[Event "Early-Titled-Tuesday-Blitz-March-19-2024"]
[Site "Chess.com"]
[Date "2024.03.19"]
[Round "3"]
[White "PepeCuenca"]
[Black "Muslim_player_05"]
[Result "1-0"]
[WhiteElo "2725"]
[BlackElo "2494"]
[TimeControl "180+1"]
[EndTime "8:29:11 PDT"]
[Termination "PepeCuenca won on time"]

1. d4 Nf6 2. Bf4 g6 3. Nc3 d5 4. e3 Bg7 5. h4 h5 6. Nb5 Na6 7. Nc3 Nb8 8. Nf3 O-O 9. Be2 c5 10. Nb5 Nc6 11. a4 Ne4 12. c3 a6 13. Na3 Bf5 14. O-O Qb6 15. Ra2 Rfd8 16. Bd3 Rac8 17.
Qe2 Qb3 18. Raa1 Qxa4 19. Nb5 axb5 20. Rxa4 bxa4 21. Ra1 c4 22. Bxe4 Bxe4 23. Rxa4 Ra8 24. Rxa8 Rxa8 25. Ng5 Ra1+ 26. Kh2 Bd3 27. Qf3 e6 28. Bd6 Bf5 29. e4 dxe4 30. Nxe4 Rb1 31. Ba3 Re1 32. Nd6 Ne7 33. Nxc4 Nd5 34. Nd6 b6 35.
Nxf5 gxf5 36. Qxh5 Nf6 37. Qg5 Ng4+ 38. Kg3 Kh7 39.
f3 Bh6 40. Qh5 Kg7 41. fxg4 f4+ 42. Kf2 1-0

[Event "Early-Titled-Tuesday-Blitz-March-19-2024"]
[Site "Chess.com"]
[Date "2024.03.19"]
[Round "3"]
[White "ChessFanNM"]
[Black "Vasily85"]
[Result "1-0"]
[WhiteElo "2271"]
[BlackElo "2437"]
[TimeControl "180+1"]
[EndTime "8:29:12 PDT"]
[Termination "ChessFanNM won on time"]

1. e4 c5 2. Nf3 Nc6 3. c3 Nf6 4.
e5 Nd5 5. Bc4 Nb6 6. Bb3 c4 7. Bc2 d6 8. exd6 Qxd6 9. O-O Bg4 10. Qe2 e5 11. b3 Qe6 12. Na3 Bxa3 13. Bxa3 O-O-O 14. h3 Bh5 15. Be4 f6 16. Bc5 Nd7 17.
Bxc6 Nxc5 18. Bb5 e4 19. Bxc4 Qd6 20. g4 exf3 21. Qxf3 Bg6 22. d4 Ne4 23. Rfe1 Ng5 24. Qg2 Bf7 25. h4 Bxc4 26. bxc4 Ne6 27. Rab1 Rd7 28.
c5 Qa6 29. c6 Rd6 30. cxb7+ Kb8 31. Qg3 Nc7 32. Re7 Rhd8 33. Rxg7 R6d7 34. Rxd7 Rxd7 35.
h5 Qe6 36. h6 Rd6 37. c4 Qd7 38. d5 Qe7 39. Qf4 Qe5 40. Qf3 Na6 41. Rb5 1-0

[Event "Early-Titled-Tuesday-Blitz-March-19-2024"]
[Site "Chess.com"]
[Date "2024.03.19"]
[Round "3"]
[White "Danny_Billiards"]
[Black "VladimirKramnik"]
[Result "0-1"]
[WhiteElo "2771"]
[BlackElo "3044"]
[TimeControl "180+1"]
[EndTime "8:29:13 PDT"]
[Termination "VladimirKramnik won by resignation"]

1. d4 Nf6 2. Nc3 e6 3. Bf4 Bb4 4. Qd3 c5 5. a3 Bxc3+ 6. Qxc3 cxd4 7. Qxd4 Nc6 8. Qd2 Ne4 9. Qd3 d5 10. Nf3 Qb6 11. Be3 Qxb2 12. Rd1 O-O 13. g3 e5 14.
Ng5 Bf5 15. Qb3 Qxb3 16. cxb3 d4 17. Bd2 Nxd2 18. Rxd2 h6 19. Nf3 Rfd8 20. Bg2 e4 21. Nh4 Bh7 22. g4 Ne5 23. Nf5 Bxf5 24. gxf5 e3 25.
fxe3 dxe3 26. Rxd8+ Rxd8 27. Bxb7 Rd2 28. Ba6 Ra2 29.
O-O Rxa3 30. Bc4 Ra2 31. Rc1 Nxc4 32. bxc4 Rxe2 33. Rc3 Rf2 34. Rxe3 Rxf5 35. Re8+ Kh7 36. Re7 a5 37. Rc7 Kg6 38. c5 a4 39. c6 Rc5 40.
Ra7 Rxc6 41. Rxa4 f5 42. Kg2 Kf6 43. h4 g5 44. Kf3 Rc3+ 45. Kf2 g4 46. Ra6+ Ke5 47.
Rxh6 Kf4 48. Ra6 Rc2+ 49. Kf1 Kg3 50. h5 f4 51. h6 f3 52. Ke1 f2+ 0-1

[Event "Early-Titled-Tuesday-Blitz-March-19-2024"]
[Site "Chess.com"]
[Date "2024.03.19"]
[Round "3"]
[White "Zhigalko_Sergei"]
[Black "biostatistician"]
[Result "1-0"]
[WhiteElo "2859"]
[BlackElo "2596"]
[TimeControl "180+1"]
[EndTime "8:29:13 PDT"]
[Termination "Zhigalko_Sergei won on time"]

1. e4 e5 2. Nf3 Nc6 3. Bc4 Bc5 4. b4 Bxb4 5. c3 Be7 6. d4 Na5 7. Bd3 d6 8. dxe5 dxe5 9. Nxe5 Nf6 10. O-O O-O 11.
Qc2 Ng4 12. Nxg4 Bxg4 13. Bf4 Nc6 14. e5 h6 15. Nd2 Bg5 16. Bxg5 Qxg5 17. Rae1 Rad8 18.
f4 Qe7 19. Ne4 Kh8 20. Ng3 Qh4 21. Re3 Rfe8 22. Bf5 Rd5 23. h3 Bxf5 24. Nxf5 Qd8 25. Rg3 Rd2 26. Qe4 Rg8 27. a4 Qd5 28. Qe3 Ra2 29. Kh2 Rxa4 30. Re1 Ra2 31. Rg4 Qe6 32. Ng3 Re8 33. Nh5 Rg8 34. Qg3 g6 35. Nf6 Rd8 36.
Qh4 Kg7 37. Rf1 Rdd2 38. f5 Qxe5+ 39. Kh1 1-0

[Event "Early-Titled-Tuesday-Blitz-March-19-2024"]
[Site "Chess.com"]
[Date "2024.03.19"]
[Round "3"]
[White "GiorgianBarbosa"]
[Black "Kaissa10"]
[Result "1-0"]
[WhiteElo "2558"]
[BlackElo "2301"]
[TimeControl "180+1"]
[EndTime "8:29:13 PDT"]
[Termination "GiorgianBarbosa won on time"]

1. b3 Nf6 2. Bb2 e6 3. g3 Be7 4. Bg2 O-O 5. Nf3 c5 6. O-O Nc6 7. d3 b6 8. Nbd2 Bb7 9. e4 d6 10. Qe2 Nd7 11. Nc4 d5 12. Ne3 Bf6 13. exd5 Bxb2 14.
dxc6 Bxc6 15. Rad1 Qc7 16. c4 Bf6 17. d4 cxd4 18.
Nxd4 Bxg2 19. Kxg2 Nc5 20. Qf3 Rfd8 21. Nb5 Qe7 22.
Ng4 Bb2 23. b4 Nb7 24. Rb1 Bd4 25. Rfd1 e5 26. Ne3 a6 27. Nf5 Qd7 28. Nbxd4 exd4 29. Rxd4 Qc7 30. Rbd1 g6 31. Nh6+ Kg7 32. Ng4 f5 33. Ne3 Rxd4 34. Rxd4 Rd8 35. Rxd8 Nxd8 36. Nd5 Qe5 37. Qd3 Ne6 38. Nxb6 Qb2 39. Nd5 Qxa2 40. Qc3+ 1-0

[Event "Early-Titled-Tuesday-Blitz-March-19-2024"]
[Site "Chess.com"]
[Date "2024.03.19"]
[Round "3"]
[White "FREZZY23"]
[Black "JaackCamel"]
[Result "1-0"]
[WhiteElo "2417"]
[BlackElo "2198"]
[TimeControl "180+1"]
[EndTime "8:29:13 PDT"]
[Termination "FREZZY23 won on time"]

1. Nf3 d5 2. d4 e6 3. g3 c6 4. Bg2 Nf6 5. O-O Nbd7 6. c4 dxc4 7. Qc2 b5 8. a4 Bb7 9. Nc3 a6 10. Ne5 Qc8 11. axb5 cxb5 12. Nxd7 Nxd7 13. d5 Be7 14. Rd1 O-O 15. d6 Bf6 16. e4 Ne5 17. f4 Nd3 18. e5 Bd8 19. Be3 Bxg2 20. Qxg2 b4 21. Na4 f6 22. b3 fxe5 23. bxc4 exf4 24. Rxd3 fxe3 25. Rxe3 Bf6 26. Rc1 Bc3 27. Nxc3 bxc3 28.
Rexc3 Qc5+ 29. Kh1 Qxd6 30. c5 Qc7 31. c6 Rac8 32.
Rb3 Qa5 33. Rb7 Qf5 34. h3 Qg5 35. Rc2 Qf5 36. g4 Qf4 37. Kg1 e5 38. Qf2 Qa4 39. Qg2 Qd4+ 40. Kh1 e4 41. c7 e3 42. Rb8 Qd1+ 43. Kh2 Qd6+ 44. Qg3 1-0

[Event "Early-Titled-Tuesday-Blitz-March-19-2024"]
[Site "Chess.com"]
[Date "2024.03.19"]
[Round "3"]
[White "zubridis"]
[Black "Blitzstream"]
[Result "0-1"]
[WhiteElo "2533"]
[BlackElo "2830"]
[TimeControl "180+1"]
[EndTime "8:29:14 PDT"]
[Termination "Blitzstream won on time"]

1. e4 c5 2. Nf3 d6 3. Bc4 Nf6 4. d3 g6 5. O-O Bg7 6. h3 O-O 7. Re1 Nc6 8. a3 a6 9. Nc3 b5 10. Ba2 e6 11. Be3 Qe7 12. d4 cxd4 13. Nxd4 Bb7 14. Nxc6 Bxc6 15. Bd4 e5 16. Bb6 Qb7 17.
Ba5 Nxe4 18. Nxe4 Bxe4 19. f3 Bf5 20. Qxd6 Bxc2 21. Bd5 Qb8 22. Bc7 Qc8 23. Rac1 Bf5 24. Bb6 Qb8 25. Rc7 Rd8 26. Qe7 Qxb6+ 27. Kh2 Qxc7 28.
Bxf7+ Kh8 29. Qxc7 Rd7 30. Qc6 Rad8 31. Bb3 Rd6 32. Qc7 R6d7 33. Qb6 Rd6 34. Qb7 Bh6 35. g4 Bc8 36. Qe7 Bf4+ 37. Kh1 a5 38. Rxe5 a4 39. Be6 Rd1+ 0-1

[Event "Early-Titled-Tuesday-Blitz-March-19-2024"]
[Site "Chess.com"]
[Date "2024.03.19"]
[Round "3"]
[White "andrzej"]
[Black "CarlosjPineror"]
[Result "1-0"]
[WhiteElo "2508"]
[BlackElo "2706"]
[TimeControl "180+1"]
[EndTime "8:29:14 PDT"]
[Termination "andrzej won on time"]

1. e4 c5 2. Nf3 e6 3. d4 cxd4 4. Nxd4 a6 5. c4 Qc7 6. a3 Nf6 7. Nc3 d6 8. g3 Be7 9. Bg2 Qxc4 10. Be3 Qc7 11. Rc1 Qd8 12. O-O O-O 13. g4 g6 14.
g5 Nh5 15. f4 e5 16. fxe5 dxe5 17. Nf3 Nc6 18. Nd5 Bg4 19. Bb6 Qd7 20. h3 Be6 21.
Qa4 Bxh3 22. Rfd1 Qg4 23. Ne1 Bxg5 24. Rc3 Bxg2 25. Nxg2 Nf4 26. Nxf4 Bxf4 27. Bf2 Rad8 28. Rcd3 Rxd3 29. Rxd3 h5 30. Kf1 Bh6 31. Qb3 Qe6 32. Qd1 Bg5 33. Rd6 Qe7 34. Rd7 Qe6 35. Rd6 Qg4 36. Qd5 Rd8 37. Rxg6+ Kf8 38. Bc5+ Be7 39. Bxe7+ Kxe7 40. Qc5+ Ke8 41. Rxg4 hxg4 42. Ne3 Nd4 43. Nf5 Ne6 44. Qxe5 1-0

[Event "Early-Titled-Tuesday-Blitz-March-19-2024"]
[Site "Chess.com"]
[Date "2024.03.19"]
[Round "3"]
[White "Quattroporte300"]
[Black "IMchanged"]
[Result "1-0"]
[WhiteElo "2487"]
[BlackElo "2682"]
[TimeControl "180+1"]
[EndTime "8:29:14 PDT"]
[Termination "Quattroporte300 won by resignation"]

1. e4 g6 2. d4 Bg7 3. Nf3 d6 4. Bc4 a6 5. O-O b5 6. Bb3 Bb7 7. Re1 e6 8. a4 Nf6 9. Qd3 Nbd7 10. Nbd2 bxa4 11. Bxa4 O-O 12. c4 c5 13. d5 Qe7 14. Ra2 Ng4 15. Bxd7 Qxd7 16. h3 Nf6 17. b3 exd5 18. cxd5 Rfe8 19. Nc4 Qe7 20. Rae2 Rad8 21. Bg5 h6 22. e5 dxe5 23. Rxe5 Qf8 24. Bxf6 Bxf6 25.
Rxe8 Rxe8 26. Rxe8 Qxe8 27. Nd6 Qd7 28. Nxb7 Qxb7 29. Nd2 Bd4 30. Qc4 Qb6 31. Nf3 Bf6 32. Qd3 Kf8 33. g3 Ke7 34. Kg2 Kd7 35. h4 h5 36. Qc4 Be7 37. Ne5+ Ke8 38. Nc6 Bd6 39.
Qe4+ Kd7 40. Qf3 Ke8 41. Qe3+ Kf8 42. Qd3 a5 43. Qc4 Qc7 44. Qb5 Qd7 45. Qxa5 Qf5 46.
Qd8+ Kg7 47. Qxd6 Qe4+ 48. Kh2 Qf3 49. Qe5+ f6 50. Qe7+ Kh6 51. Qe3+ Kh7 52. Qxf3 1-0